Map: Para Site LE

Players

ShaDoWn - Winner!

  • Race: Protoss Protoss
  • Spawn Location: 5:00

Rhizer

  • Race: Protoss Protoss
  • Spawn Location: 11:00

Event: WCS Montreal 2018

VOD

Have the link to the VOD?

Description

Time

  • Played on: Sept. 7, 2018, 3:33 p.m.
  • Length: 6:02

All games in this series

Show
View Real Time Build Order
Export as new Build Order

ShaDoWn Protoss - Winner!

Build Orders:  

Get SALT Encoding   

  12  0:00  Probe  
  13  0:12  Probe  
  14  0:17  Pylon  
  14  0:24  Probe  
  15  0:32  Probe  
  15  0:36  Gateway  
  15  0:40  Probe  
  16  0:46  Assimilator  
  17  0:51  Probe  
  17  0:54  Assimilator  
  18  1:03  Probe  
  19  1:11  Gateway  
  19  1:15  Probe  
  20  1:23  Cybernetics Core  
  20  1:27  Probe  
  21  1:34  Pylon  
  21  1:39  Probe  
  22  1:51  Warp Gate, Probe  
  23  2:00  Adept x2  
  27  2:03  Probe  
  28  2:10  Pylon  
  28  2:27  Adept  
  28  2:28  Adept  
  32  2:40  Nexus  
  32  2:44  Probe  
  33  2:54  Pylon  
  33  2:55  Sentry x2  
  37  2:59  Probe  
  38  3:14  Robotics Facility  
  38  3:16  Probe  
  39  3:26  Stalker  
  41  3:28  Probe  
  41  3:30  Stalker  
  44  3:48  Shield Battery  
  44  3:51  Immortal  
  48  4:06  Stalker x2  
  52  4:18  Shield Battery  
  52  4:23  Observer  
  52  4:24  Probe x2  
  55  4:32  Stalker x2  
  59  4:41  Immortal  
  54  4:50  Observer  
  54  4:52  Pylon  
  55  4:53  Gateway  
  55  5:01  Adept x2, Observer  
  55  5:05  Shield Battery  
  59  5:10  Warp Prism  
  61  5:24  Stalker, Sentry  
  65  5:35  Pylon  
  66  5:51  Zealot x2  
  70  5:58  Zealot  
Show
View Real Time Build Order
Export as new Build Order

Rhizer Protoss 

Build Orders:  

Get SALT Encoding   

  12  0:00  Probe  
  13  0:12  Probe  
  14  0:18  Pylon  
  14  0:24  Probe  
  15  0:32  Probe  
  15  0:39  Gateway  
  15  0:41  Probe  
  16  0:47  Assimilator  
  17  0:51  Probe  
  17  0:55  Assimilator  
  18  1:00  Probe  
  19  1:08  Gateway, Probe  
  19  1:17  Probe  
  21  1:28  Cybernetics Core  
  21  1:29  Probe  
  22  1:35  Pylon  
  22  1:41  Probe  
  23  1:53  Probe  
  24  1:55  Warp Gate  
  24  2:05  Stalker, Sentry  
  28  2:13  Pylon  
  28  2:14  Probe  
  29  2:31  Stalker  
  29  2:35  Stalker  
  32  2:38  Robotics Facility  
  32  2:50  Gateway  
  32  3:01  Stalker  
  34  3:09  Shield Battery  
  34  3:12  Stalker  
  36  3:29  Immortal  
  36  3:31  Pylon  
  39  3:42  Shield Battery  
  39  3:58  Warp Prism, Shield Battery  
  39  4:02  Sentry x2  
  45  4:10  Pylon  
  45  4:23  Pylon  
  45  4:26  Stalker  
  47  4:35  Shield Battery, Observer  
  47  4:42  Stalker x2  
  49  4:54  Stalker  
  51  5:02  Pylon  
  51  5:17  Stalker x3  
  57  5:40  Adept x2, Sentry  
  49  5:59  Stalker  
Tags
 
Add a new tag
Caveats
  • Supply blocks, unpowered buildings, or Contaminate may cause inaccurate times.
  • Supply counts are checked every 10 seconds.